Match 47273248
Unlisted

Match 47273248
End
Panzergrenadier Squad
Panzergrenadier Squad
Panzergrenadier Squad
Construct Light Support Kompanie
Fire Support Elements
Selects Panzerjäger Kommand Battlegroup
Selects Blockade Equipment
Selects Mine Fields
MG34 Team
Selects GrB 39 Grenade Launcher Requisition
Flakvierling Half-track
Pak 38 Mechanized Group
Selects Defensive Positions
le.IG 18 Support Gun Team
Construct Mechanized Kompanie
StuG III D Assault Gun
Selects Butterfly Bomb Drop
Selects Butterfly Bomb Drop
Butterfly Bomb Drop
Marder III Tank Destroyer
Assault Mechanized Group
2.5-tonne Medical Truck
Butterfly Bomb Drop
Selects Crew Shock Tactics
Marder III Tank Destroyer
Skull Throne
CommieRed
Thank You Chef
Kray-Tos
Jblanco01
ToxicCheeseMan
KHALIFA-MHR
ranger BOY
0
0

Comments sign in to comment!

No comments posted yet!